 Dungeon Crawl Stone Soup version 0.27-a0-1084-g78b3836a5f (webtiles) character file.

Game seed: 15154247912320179806

24928 shoop the Marksfrog (level 13, -4/103 HPs)
             Began as a Barachi Hunter on Apr 26, 2021.
             Was a Priest of Fedhas.
             Slain by a cane toad (20 damage)
             ... on level 6 of the Lair of Beasts.
             The game lasted 00:54:09 (15573 turns).

shoop the Marksfrog (Barachi Hunter)               Turns: 15573, Time: 00:54:11

Health: -4/103     AC:  7    Str: 17    XL:     13   Next: 16%
Magic:  13/19      EV: 19    Int: 12    God:    Fedhas [***...]
Gold:   725        SH:  0    Dex: 14    Spells: 14/16 levels left

rFire    . . .     SeeInvis .   a - +1 shortbow
rCold    + . .     Faith    .   (shield currently unavailable)
rNeg     . . .     Spirit   .   C - +2 robe {Will+}
rPois    .         Reflect  .   p - +0 helmet
rElec    .         Harm     .   E - +1 cloak
rCorr    .         Rampage  .   (no gloves)
Will     +....                  (no boots)
Stlth    ++........             l - amulet of regeneration
HPRegen  1.27/turn              o - +4 ring of evasion
MPRegen  0.16/turn              y - ring of protection from cold

@: lethally poisoned (-4 -> -10), unable to hop, slow
A: amphibious, slowness 1, strong legs 2, +LOS
a: Hop, Renounce Religion, Wall of Briars, Grow Ballistomycete


You were on level 6 of the Lair of Beasts.
You worshipped Fedhas.
Fedhas was most pleased with you.
You visited 2 branches of the dungeon, and saw 16 of its levels.
You also visited: Ossuary.

You collected 1103 gold pieces.
You spent 378 gold pieces at shops.

Inventory:

Hand Weapons
 a - a +1 shortbow (weapon)
 b - the +4 broad axe of Mayhem {drain, Int+5}
   (You found it on level 4 of the Dungeon)

   A truly terrible weapon, it drains the life of those it strikes.
   It affects your intelligence (+5).
Missiles
 d - 164 arrows (quivered ammo)
 t - 4 curare-tipped darts
 A - 2 throwing nets
 N - 6 atropa-tipped darts
Armour
 p - a +0 helmet (worn)
 q - a +2 plate armour of positive energy
 C - a +2 robe of willpower (worn)
 E - a +1 cloak (worn)
 Q - +0 steam dragon scales
Jewellery
 l - an amulet of regeneration (around neck)
 o - a +4 ring of evasion (left hand)
 y - a ring of protection from cold (right hand)
 B - a ring of see invisible
 G - a ring of magical power
 I - a ring of fire
 O - a ring of willpower
 U - a ring of willpower
 X - an amulet of magic regeneration
 Z - a ring of ice
Wands
 n - a wand of flame (73)
 F - a wand of mindburst (11)
 P - a wand of iceblast (7)
 R - a wand of paralysis (7)
 S - a wand of digging (18)
Scrolls
 e - 4 scrolls of vulnerability
 f - 2 scrolls of immolation
 j - 3 scrolls of teleportation
 u - a scroll of blinking
 v - 4 scrolls of holy word
 w - 2 scrolls of magic mapping
 x - 3 scrolls of enchant weapon
 z - a scroll of fog
 H - 2 scrolls of enchant armour {unknown}
 T - 4 scrolls of amnesia {unknown}
 Y - a scroll of fear {unknown}
Potions
 g - 4 potions of flight {unknown}
 h - 3 potions of resistance {unknown}
 i - 5 potions of curing
 k - a potion of magic
 m - 2 potions of lignification
 r - a potion of haste
 s - a potion of invisibility
 D - 5 potions of heal wounds
 J - 2 potions of brilliance
 K - 2 potions of cancellation
 L - 2 potions of attraction
 M - 2 potions of ambrosia {unknown}
 V - a potion of mutation
Miscellaneous
 c - a box of beasts


   Skills:
 - Level 10.0 Fighting
 - Level 1.0 Short Blades
 * Level 15.6 Bows
 - Level 1.0 Throwing
 + Level 7.1 Dodging
 - Level 1.0 Stealth
 - Level 2.0 Spellcasting
 - Level 2.0 Transmutations
 - Level 2.0 Earth Magic
 + Level 9.0 Invocations
 - Level 3.0 Evocations


You had 14 spell levels left.
You knew the following spells:

 Your Spells              Type           Power      Damage    Failure   Level
a - Passwall              Tmut/Erth      5%         N/A       19%         2

Your spell library contained the following spells:

 Spells                   Type           Power      Damage    Failure   Level
 Sandblast                Erth           12%        2d6       12%         1
 Corona                   Hex            1%         N/A       26%         1
 Foxfire                  Conj/Fire      4%         2x1d4     26%         1
 Slow                     Hex            1%         N/A       38%         2
 Stone Arrow              Conj/Erth      6%         3d7       47%         3
 Conjure Flame            Conj/Fire      1%         6-21      63%         3
 Inner Flame              Hex/Fire       1%         N/A       63%         3
 Portal Projectile        Hex/Tloc       2%         N/A       63%         3
 Petrify                  Tmut/Erth      6%         N/A       75%         4
 Leda's Liquefaction      Hex/Erth       1%         N/A       87%         4
 Cause Fear               Hex            0%         N/A       95%         4
 Sticky Flame             Conj/Fire      1%         2d3       95%         4
 Lee's Rapid Deconstruct  Erth           3%         3d6*      97%         5
 Fireball                 Conj/Fire      0%         3d3       100%        5


Dungeon Overview and Level Annotations

Branches:
Dungeon (11/15)            Temple (0/1) D:7            Lair (4/6) D:10
 Shoals (0/4) Lair:3       Spider (0/4) Lair:2        Slime (0/5) Lair:6
Ossuary (visited)
    Orc: D:9-12

Altars:
Cheibriados
Elyvilon
Fedhas
Gozag
Hepliaklqana
Kikubaaqudgha
Nemelex Xobeh
Ru
Uskayaw
Wu Jian
Xom
Yredelemnul

Shops:
D:2 !   D:8 *


Innate Abilities, Weirdness & Mutations

You are amphibious.
You cover ground slowly.
You can hop long distances.
You have an extended range of vision and can be seen from far away.


Message History

You feel a bit more experienced.
Fedhas appreciates your contribution to the ecosystem.
You feel a bit more experienced.
Fedhas appreciates your contribution to the ecosystem.
You feel a bit more experienced.
The dream sheep ruffles its wool and motes of dream dust sparkle, to no effect.
The blink frog blinks!
The blink frog blinks!
The blink frog blinks!
The blink frog blinks!
The blink frog blinks!
The dream sheep ruffles its wool and motes of dream dust sparkle, to no effect.
An endoplasm comes into view.
The endoplasm quivers.
The cane toad stings you.
The dream sheep ruffles its wool and motes of dream dust sparkle, to no effect.
An endoplasm comes into view.
The komodo dragon bites the plant!!
The plant begins to die.
The cane toad misses you.
Found a leather armour.
Found a staircase to the Slime Pits.
An endoplasm and a jelly come into view.
The jelly quivers.
The endoplasm quivers.
Something bites the plant.
The endoplasm hits you but does no damage.
A jelly comes into view.
The jelly quivers.
The blink frog blinks!
The komodo dragon bites the plant!!
The endoplasm jiggles.
The endoplasm freezes you.
You are frozen.
You resist.
The dream sheep ruffles its wool and motes of dream dust sparkle, to no effect.
The jelly moves out of view.
Okay, then.
The cane toad stings you!!
* * * LOW HITPOINT WARNING * * *
You are poisoned.
The cane toad poisons you!
Something bites the plant!!
The cane toad stings you!!
You die...
Fedhas appreciates your contribution to the ecosystem.

.F...,,,,................,,,,,,,,
.....,,,.................,,,,,,,,
$....,,,............[....,,,,,,,,
.......#*..#.#...........,,,,*,,*
#......####.#............,,,,,***
#.......P...P............,,,,,,**
#...P..........F.....#.#.,,,,,,,*
....P.#.....##...........,,,,,,,,
...........ยง....@..J.....,,,,,,,,
...?....#..#...FJ.#.J.J..,*,,**,*
#....P.#######.....J..>..,,,,,***
#.....##.P.lP.....#......,*,,**,*
.........................,,,,,,,,
.........................,,,,,,,,
.........Y...........#.#.,,,,,,,,
.........................,,,,,,,,
.........................,,,,,,,,


You could see a cane toad, a blink frog, a dream sheep, 2 jellies and 3
endoplasms.

Vanquished Creatures
  2 hydras
  A boulder beetle (Lair:2)
  Harold (D:7)
  7 elephants (Lair:2)
  A merfolk siren (Lair:3)
  Joseph (D:7)
  4 black mambas
  6 cane toads
  A komodo dragon (Lair:2)
  2 trolls
  3 merfolk (Lair:3)
  A hornet (D:9)
  10 blink frogs
  A meliai zombie (D:10)
  3 spriggans (Lair:2)
  A tarantella (Lair:2)
  Sigmund (D:4)
  A shadow (D:10)
  2 wyverns
  31 yaks
  2 basilisks (Lair:2)
  2 steam dragons (D:7)
  An acid dragon (D:10)
  Duvessa (D:4)
  8 water moccasins
  2 black bears
  3 ice beasts
  A hornet zombie (D:7)
  2 orc warriors
  A sky beast (D:7)
  An ogre (D:4)
  5 centaurs
  2 kobold brigands
  10 bullfrogs
  A gnoll sergeant (D:10)
  A wyvern zombie (D:6)
  8 scorpions
  Dowan (D:4)
  19 killer bees
  7 howler monkeys
  4 electric eels (D:7)
  A jelly (D:5)
  5 centaur zombies
  2 orc priests
  A gnoll shaman (D:8)
  Crazy Yiuf (D:4)
  A bullfrog skeleton (D:5)
  A centaur skeleton (D:6)
  4 iguanas
  2 orc wizards
  2 scorpion zombies (D:5)
  A hound skeleton (D:4)
  8 mummies (Ossuary)
  2 howler monkey zombies (D:9)
  Robin (D:2)
  7 gnolls
  A howler monkey skeleton (D:5)
  11 adders
  3 white imps
  2 ufetubi
  2 worms
  5 dart slugs
  14 orcs
  13 ball pythons
  5 bats
  3 bat zombies (D:10)
  4 endoplasms
  A giant cockroach (D:1)
  2 gnoll zombies (Ossuary)
  13 goblins
  8 hobgoblins
  7 jackals (D:4)
  14 kobolds
  4 quokkas
  A frilled lizard (D:3)
  A hobgoblin zombie (Ossuary)
  A kobold zombie (Ossuary)
  4 orc zombies (Ossuary)
  6 rats
  A rat zombie (D:10)
  A ballistomycete spore (Lair:6)
328 creatures vanquished.

Vanquished Creatures (collateral kills)
  18 ballistomycete spores
18 creatures vanquished.

Vanquished Creatures (others)
  27 fungi
  41 plants
68 creatures vanquished.

Grand Total: 414 creatures vanquished

Notes
Turn   | Place    | Note
-------+----------+-------------------------------------------
     0 | D:1      | shoop the Barachi Hunter began the quest for the Orb.
     0 | D:1      | Reached XP level 1. HP: 17/17 MP: 1/1
    40 | D:1      | Reached skill level 1 in Stealth
   406 | D:1      | Reached XP level 2. HP: 5/23 MP: 2/2
   812 | D:1      | Found a faded altar of an unknown god.
  1218 | D:1      | Reached XP level 3. HP: 27/29 MP: 3/3
  1468 | D:2      | Noticed Robin
  1840 | D:2      | Found Ryti's Distillery.
  1849 | D:2      | Bought a potion of curing for 42 gold pieces
  1889 | D:2      | Reached skill level 5 in Bows
  1939 | D:2      | Killed Robin
  1940 | D:2      | Reached XP level 4. HP: 19/35 MP: 4/4
  2707 | D:3      | Found a sparkling altar of Nemelex Xobeh.
  2707 | D:3      | Found a white marble altar of Elyvilon.
  2837 | D:3      | Reached XP level 5. HP: 25/42 MP: 5/5
  3036 | D:4      | Noticed Duvessa
  3038 | D:4      | Noticed Dowan
  3060 | D:4      | Reached skill level 1 in Short Blades
  3111 | D:4      | Identified the +4 broad axe of Mayhem {drain, Int+5}
  3152 | D:4      | Noticed Sigmund
  3391 | D:4      | Found a runed translucent door.
  3392 | D:4      | Noticed Crazy Yiuf
  3545 | D:4      | Noticed an ogre
  3569 | D:4      | Killed an ogre
  3570 | D:4      | Reached skill level 6 in Bows
  3570 | D:4      | Reached XP level 6. HP: 6/49 MP: 6/6
  3751 | D:4      | Reached skill level 5 in Fighting
  4131 | D:4      | Killed Sigmund
  4132 | D:4      | Reached skill level 7 in Bows
  4132 | D:4      | Reached skill level 1 in Throwing
  4132 | D:4      | Reached XP level 7. HP: 56/56 MP: 7/7
  4471 | D:5      | Entered Level 5 of the Dungeon
  4471 | D:5      | Found a basalt altar of Yredelemnul.
  4676 | D:2      | Bought a potion of lignification for 42 gold pieces
  4676 | D:2      | Bought a potion of heal wounds for 70 gold pieces
  4778 | D:4      | Killed Crazy Yiuf
  5149 | D:5      | Reached skill level 8 in Bows
  5164 | D:5      | Reached XP level 8. HP: 64/64 MP: 8/8
  5350 | D:5      | Found a shimmering altar of Xom.
  5536 | D:5      | Found a snail-covered altar of Cheibriados.
  5661 | D:6      | Reached skill level 1 in Evocations
  5850 | D:6      | Found a blossoming altar of Fedhas.
  5856 | D:6      | Became a worshipper of Fedhas Madash
  5943 | D:6      | Reached skill level 9 in Bows
  6024 | D:6      | Found a sand-covered staircase.
  6029 | Ossuary  | Entered an ossuary
  6452 | D:6      | Reached skill level 1 in Invocations
  6516 | D:6      | Found a sacrificial altar of Ru.
  6828 | D:6      | Reached XP level 9. HP: 71/72 MP: 8/10
  6858 | D:6      | Reached * piety under Fedhas
  6909 | D:7      | Noticed Harold
  6933 | D:7      | Killed Harold
  6934 | D:7      | Reached skill level 10 in Bows
  7024 | D:7      | Noticed Joseph
  7048 | D:7      | Killed Joseph
  7051 | D:7      | Reached XP level 10. HP: 29/83 MP: 12/12
  7097 | D:7      | Reached skill level 11 in Bows
  7693 | D:7      | Found a hide-covered altar of Uskayaw.
  7693 | D:7      | Found a hazy altar of Hepliaklqana.
  7734 | D:7      | Found a staircase to the Ecumenical Temple.
  7907 | D:2      | Bought a potion of cancellation for 112 gold pieces
  7907 | D:2      | Bought a potion of brilliance for 56 gold pieces
  7907 | D:2      | Bought 2 potions of degeneration for 28 gold pieces
  8026 | D:4      | Killed Duvessa
  8034 | D:4      | Killed Dowan
  8246 | D:7      | Reached ** piety under Fedhas
  8807 | D:8      | Found an ornate altar of the Wu Jian Council.
  8965 | D:8      | Found Bijasop's Serpentskin Sales.
  8974 | D:8      | Bought 4 curare-tipped darts for 28 gold pieces
  9118 | D:8      | Found an opulent altar of Gozag.
  9301 | D:9      | Reached skill level 5 in Invocations
  9436 | D:9      | Reached *** piety under Fedhas
  9523 | D:9      | Reached skill level 10 in Fighting
  9523 | D:9      | Reached skill level 12 in Bows
  9705 | D:9      | Learned a level 2 spell: Passwall
 10016 | D:9      | Reached skill level 1 in Transmutations
 10074 | D:9      | Reached skill level 1 in Spellcasting
 10074 | D:9      | Reached skill level 1 in Earth Magic
 10085 | D:9      | Reached XP level 11. HP: 71/90 MP: 15/15
 10345 | D:10     | Entered Level 10 of the Dungeon
 11202 | D:9      | Reached skill level 13 in Bows
 11403 | D:10     | Found an ancient bone altar of Kikubaaqudgha.
 11432 | D:10     | Found a staircase to the Lair.
 11546 | D:11     | Noticed a boulder beetle
 11685 | Lair:1   | Entered Level 1 of the Lair of Beasts
 11916 | Lair:1   | Reached **** piety under Fedhas
 12430 | Lair:1   | Reached skill level 14 in Bows
 12430 | Lair:1   | Reached XP level 12. HP: 37/97 MP: 17/17
 12841 | Lair:2   | Noticed an eight-headed hydra
 12842 | Lair:2   | Upgraded the game from 0.27-a0-1081-ge8a0a9c698 to
                  | 0.27-a0-1084-g78b3836a5f
 13174 | Lair:2   | Reached skill level 5 in Dodging
 13636 | Lair:2   | Noticed a boulder beetle
 13653 | Lair:2   | Killed a boulder beetle
 13666 | Lair:2   | Killed an eight-headed hydra
 13766 | Lair:2   | Found a hole to the Spider Nest.
 13776 | Lair:2   | Reached skill level 15 in Bows
 14849 | Lair:3   | Found a staircase to the Shoals.
 14865 | Lair:3   | HP: 4/97 [merfolk/+0 trident (23)]
 15048 | Lair:3   | Gained mutation: You can hop long distances. [Barachi
                  | growth]
 15048 | Lair:3   | Reached XP level 13. HP: 87/103 MP: 19/19
 15532 | Lair:4   | You fall into a shaft and drop 2 floors!
 15532 | Lair:6   | Entered Level 6 of the Lair of Beasts
 15570 | Lair:6   | Found a staircase to the Slime Pits.
 15573 | Lair:6   | Slain by a cane toad

Illustrated notes

Levels and vault maps discovered:
D:1:      saegor_arrival_miasma, layout_rooms,
          chequers_ecumenical_altar_simple_redux
D:2:      layout_basic, serial_shops, nicolae_shop_waterfront, minivault_26,
          uniq_robin
D:3:      layout_basic, gammafunk_temple_overflow_statue
D:4:      layout_loops_corners, saegor_snake_ambush, uniq_sigmund,
          uniq_crazy_yiuf_cottage, uniq_duvessa
D:5:      layout_basic, general_overflow_altar, lemuel_doored_altar,
          nicolae_overflow_hidden_temple
D:6:      layout_loops_ring, fedhas_altar_4, nicolae_ru_the_path_less_chosen,
          nicolae_ossuary_entry_plus, minmay_misc_feat_rugged
D:7:      layout_basic, amethyst_overflow_temple_binary,
          minmay_temple_entry_nine_rooms, serial_bayou_lake_a, uniq_joseph,
          uniq_harold
D:8:      layout_rooms, nzn_wu_jian_council_hall, lemuel_coloured_pillars_altar,
          guppyfry_shop_venom
D:9:      layout_basic
D:10:     layout_loops_corners, lemuel_zombie_altar_kikubaaqudgha,
          grunt_lair_entry_orc_guard_hut
D:11:     layout_big_octagon, kennysheep_generic_room_16, uniq_gastronok,
          uniq_fannar
Lair:1:   layout_roguey
Lair:2:   layout_chaotic_city, spider_nest_entry_rubble, wad_woods_02,
          serial_bayou_shore_b
Lair:3:   layout_cave_pods, elwin_shoals_entry_stream
Lair:4:   minmay_lair_oklob_tunnel, layout_loops_ring, serial_bayou_pond_a,
          patterned_corridor, lemuel_fruit_tree
Lair:6:   minmay_lair_end_enchanted_forest, layout_regular_city,
          nicolae_slime_entry_slimehenge, uniq_josephine

Skill      XL: |  1  2  3  4  5  6  7  8  9 10 11 12 13 |
---------------+----------------------------------------+-----
Stealth        | 1 |  1.0
Fighting       | 3 4 5 6 7 9 10 | 10.0
Bows           | 5 6 7 8 9 10 12 14 15 | 15.6
Short Blades   | 1 |  1.0
Throwing       | 1 |  1.0
Evocations     | 3 |  3.0
Invocations    | 1 3 5 7 8 9 |  9.0
Transmutations | 1 2 |  2.0
Spellcasting   | 1 2 |  2.0
Earth Magic    | 1 2 |  2.0
Dodging        | 3 6 7 |  7.1

Action                   |  1- 3 |  4- 6 |  7- 9 | 10-12 | 13-15 || total
-------------------------+-------+-------+-------+-------+-------++-------
Melee: Short sword       |   170 |    54 |       |       |       ||   224
       Broad axe         |       |    50 |   192 |   298 |    14 ||   554
 Fire: Shortbow          |     9 |    23 |    48 |   656 |    47 ||   783
Throw: Dart              |       |     1 |     4 |     4 |       ||     9
Invok: Grow Ballistomyce |       |       |       |     3 |     1 ||     4
       Wall of Briars    |       |       |       |     1 |       ||     1
       Overgrow          |       |       |       |       |     1 ||     1
 Abil: Hop               |       |     3 |     4 |     9 |     2 ||    18
Evoke: Wand              |       |       |     8 |    19 |       ||    27
  Use: Potion            |       |     1 |     1 |     1 |     1 ||     4
       Scroll            |       |       |     7 |     8 |     3 ||    18
 Stab: Sleeping          |       |     2 |     1 |       |       ||     3
Armor: Leather armour    |    49 |    19 |       |       |       ||    68
       Robe              |       |       |    64 |   182 |     8 ||   254
       Skin              |       |       |    30 |       |       ||    30
Dodge: Dodged            |    97 |    71 |   186 |   423 |    49 ||   826

Table legend: (Time is in decaauts)
 A = Elapsed time spent in this place.
 B = Non-inter-level travel time spent in this place.
 C = Inter-level travel time spent in this place.
 D = Time resting spent in this place.
 E = Time spent auto-exploring this place.
 F = Levels seen in this place.
 G = Mean time per level.
                   A        B        C        D        E       F      G
               +--------+--------+--------+--------+--------+-----+--------+
         Total |  17748 |  15964 |   1784 |   1007 |  11205 |  17 | 1044.0 |
       Dungeon |  13010 |  11417 |   1593 |    825 |   7989 |  11 | 1182.7 |
          Lair |   4327 |   4137 |    190 |    125 |   3095 |   5 |  865.4 |
       Ossuary |    410 |    410 |      0 |     57 |    120 |   1 |  410.0 |
               +--------+--------+--------+--------+--------+-----+--------+

Top non-repeatable levels by time:
     D:4: 2180 daAuts
     D:1: 1603 daAuts
     D:9: 1399 daAuts
  Lair:3: 1374 daAuts
    D:10: 1366 daAuts
  Lair:1: 1325 daAuts
     D:7: 1320 daAuts
  Lair:2: 1280 daAuts
     D:3: 1208 daAuts
     D:6: 1106 daAuts
     D:5: 1011 daAuts
     D:2: 951 daAuts
     D:8: 837 daAuts
 Ossuary: 410 daAuts
  Lair:4: 303 daAuts
